Map: Acolyte LE

Players

soul - Winner!

  • Race: Terran Terran
  • Spawn Location: 7:00

Probe

  • Race: Protoss Protoss
  • Spawn Location: 1:00

Event: WCS Montreal 2017

VOD

Have the link to the VOD?

Description

Time

  • Played on: Sept. 8, 2017, 7:21 p.m.
  • Length: 4:42

All games in this series

Show
View Real Time Build Order
Export as new Build Order

soul Terran - Winner!

Build Orders: 1/1/1, Cyclone Opening 

Get SALT Encoding   

  12  0:00  SCV  
  13  0:12  SCV  
  14  0:17  Supply Depot  
  14  0:25  SCV  
  15  0:29  Refinery  
  15  0:39  SCV  
  16  0:44  Barracks  
  16  0:51  SCV  
  17  1:03  SCV  
  18  1:15  SCV  
  19  1:31  Orbital Command, Marine  
  19  1:32  Factory  
  20  1:37  Refinery  
  20  1:46  Refinery  
  20  1:49  Marine  
  21  1:55  Supply Depot  
  21  1:58  SCV  
  22  2:08  Marine  
  23  2:16  SCV  
  23  2:17  Starport  
  24  2:26  Marine  
  24  2:27  Cyclone  
  24  2:28  SCV  
  29  2:35  Supply Depot  
  29  2:40  SCV  
  29  2:43  Marine  
  31  2:56  Medivac  
  31  2:57  SCV  
  34  3:03  Cyclone  
  37  3:06  Supply Depot  
  37  3:12  SCV  
  38  3:22  Liberator  
  38  3:28  Command Center  
  38  3:30  SCV  
  42  3:46  Widow Mine  
  42  3:47  SCV  
  45  3:58  Barracks Reactor  
  45  3:59  SCV  
  46  4:12  SCV  
  43  4:21  Command Center  
  43  4:24  SCV  
Show
View Real Time Build Order
Export as new Build Order

Probe Protoss 

Build Orders: 1 Gate Expand 

Get SALT Encoding   

  12  0:00  Probe (Chrono Boost)  
  13  0:11  Probe (Chrono Boost)  
  14  0:19  Pylon  
  14  0:22  Probe (Chrono Boost)  
  15  0:37  Probe (Chrono Boost), Gateway  
  16  0:43  Assimilator  
  16  0:48  Probe (Chrono Boost)  
  17  0:58  Probe (Chrono Boost)  
  18  1:09  Probe (Chrono Boost)  
  19  1:20  Nexus  
  19  1:24  Probe (Chrono Boost)  
  20  1:33  Cybernetics Core  
  20  1:37  Probe (Chrono Boost)  
  21  1:43  Assimilator  
  21  1:47  Probe (Chrono Boost)  
  21  1:52  Pylon  
  22  1:58  Probe (Chrono Boost)  
  23  2:11  Mothership Core (Chrono Boost)  
  23  2:13  Adept  
  27  2:22  Warp Gate  
  27  2:29  Probe (Chrono Boost)  
  27  2:33  Probe (Chrono Boost)  
  28  2:39  Probe (Chrono Boost)  
  28  2:40  Adept  
  28  2:43  Probe (Chrono Boost)  
  32  2:45  Robotics Facility  
  32  2:50  Probe (Chrono Boost)  
  33  2:54  Probe (Chrono Boost)  
  34  3:00  Probe (Chrono Boost)  
  34  3:04  Probe (Chrono Boost), Gateway  
  36  3:11  Probe (Chrono Boost)  
  37  3:15  Probe (Chrono Boost)  
  38  3:21  Probe (Chrono Boost)  
  38  3:23  Pylon  
  38  3:25  Probe (Chrono Boost)  
  40  3:32  Probe (Chrono Boost), Robotics Bay  
  41  3:34  Probe  
  41  3:37  Observer (Chrono Boost)  
  42  3:44  Probe  
  42  3:45  Probe  
  41  3:55  Probe  
  41  3:56  Probe  
  43  4:03  Pylon  
  43  4:06  Probe  
  43  4:08  Probe  
  42  4:13  Pylon  
  38  4:20  Mothership Core  
  39  4:25  Stalker  
Tags
 
Add a new tag
Caveats
  • Supply blocks, unpowered buildings, or Contaminate may cause inaccurate times.
  • Supply counts are checked every 10 seconds.